 Dungeon Crawl Stone Soup version 0.30-a0-691-g754fce4c43 (webtiles) character file.

Game seed: 9164799325466980172

2903 ASSMAN the Cleaver (level 10, -11/88 HPs)
             Began as a Meteoran Reaver on Jan 20, 2023.
             Was an Initiate of Uskayaw.
             Mangled by an orc warrior
             ... wielding a +0 glaive
              (13 damage)
             ... in a bailey.
             The game lasted 00:18:58 (4553 turns).

ASSMAN the Cleaver (Meteoran Reaver)                Turns: 4553, Time: 00:18:59

Health: -11/88     AC: 10    Str: 14    XL:     10   Next: 26%
Magic:  15/15      EV: 10    Int: 20    God:    Uskayaw [......]
Gold:   256        SH:  5    Dex: 12    Spells: 13/14 levels left

rFire   . . .      SeeInvis .    p - +0 war axe
rCold   . . .      Faith    .    i - +2 buckler
rNeg    . . .      Spirit   .    c - +1 swamp dragon scales
rPois   +          Reflect  .    s - +0 helmet
rElec   .          Harm     .    (no cloak)
rCorr   .          Rampage  .    (no gloves)
Will    +....                    m - +0 pair of boots
Stlth   +                        u - amulet of the acrobat
HPRegen 0.34/turn                (no ring)
MPRegen 0.14/turn                (no ring)

@: flying, glowing
A: sense surroundings 2, otherworldly, glowing, explore regen
a: Renounce Religion


You were in a bailey.
You worshipped Uskayaw.
Uskayaw was noncommittal.
You visited 2 branches of the dungeon, and saw 9 of its levels.
You also visited: Bailey.

You collected 256 gold pieces.

Inventory:

Hand Weapons
 a - a +0 hand axe
 f - the +0 spear of Currency {heavy, rF+ rC- rN+ Int+6}
   (You found it on level 2 of the Dungeon)

   Int:       It affects your intelligence (+6).
   rF:        It protects you from fire.
   rC:        It makes you vulnerable to cold.
   rN:        It protects you from negative energy.
 j - a +1 dagger of venom
 p - a +0 war axe (weapon)
Missiles
 x - 2 curare-tipped darts
Armour
 c - +1 swamp dragon scales (worn)
 i - a +2 buckler (worn)
 k - a +2 helmet of see invisible
 l - the +2 leather armour of the Miller {rElec Str+2 Int+3}
   (You found it on level 3 of the Dungeon)

   Str:       It affects your strength (+2).
   Int:       It affects your intelligence (+3).
   rElec:     It insulates you from electricity.
 m - a +0 pair of boots (worn)
 s - a +0 helmet (worn)
 y - a +1 crystal plate armour
Jewellery
 h - a +6 ring of strength
 u - an amulet of the acrobat (around neck)
Scrolls
 d - 2 scrolls of identify
 e - a scroll of amnesia {unknown}
 o - a scroll of enchant armour
 q - 2 scrolls of fear {unknown}
 r - a scroll of vulnerability {unknown}
 t - a scroll of enchant weapon {unknown}
 w - a scroll of poison {unknown}
 C - a scroll of brand weapon {unknown}
Potions
 b - a potion of brilliance
 g - 2 potions of curing
 n - 2 potions of might {unknown}
 v - a potion of attraction {unknown}
 z - a potion of magic {unknown}
 A - a potion of lignification {unknown}
 D - a potion of cancellation {unknown}


   Skills:
 - Level 8.0 Fighting
 + Level 13.6 Axes
 - Level 2.4 Dodging
 - Level 2.6 Spellcasting
 - Level 3.6 Conjurations


You had 13 spell levels left.
You knew the following spells:

 Your Spells              Type           Power      Damage    Failure   Level
a - Kiss of Death         Conj/Necr      36%        2d8       21%         1

Your spell library contained the following spells:

 Spells                   Type           Power      Damage    Failure   Level
 Momentum Strike          Conj/Tloc      18%        3d8       30%         2
 Summon Small Mammal      Summ           8%         N/A       38%         1
 Hailstorm                Conj/Ice       9%         3d4       52%         3
 Blink                    Tloc           4%         N/A       54%         2
 Call Canine Familiar     Summ           2%         N/A       77%         3
 Summon Guardian Golem    Hex/Summ       2%         N/A       77%         3
 Manifold Assault         Tloc           2%         N/A       99%         4
 Storm Form               Tmut/Air       1%         N/A       100%        7


Dungeon Overview and Level Annotations

Branches:
Dungeon (8/15) Zot: 444    Temple (1/1) D:5 Zot: 581  Bailey (1/1) Zot: 364
   Lair: D:8-11

Altars:
Ashenzari
Dithmenos
Elyvilon
Fedhas
Hepliaklqana
Nemelex Xobeh
Qazlal
Ru
Uskayaw
Vehumet
Wu Jian
Xom
Yredelemnul
Zin
The Shining One

Shops:
D:6 *(   D:7 [   D:8 *

Annotations:
D:3 Grinder


Innate Abilities, Weirdness & Mutations

You passively map the area around you.
You are easily found by Zot.
You glow in the dark.
You regain HP and MP as you explore.


Message History

The orc knight roars a battlecry!
The orc warrior goes into a battle-frenzy!
You block the orc warrior's attack.
The orc warrior shouts!
You hear a shout!
The orc warrior shouts!
The orc warrior completely misses you.
The orc warrior hits you but does no damage.
There is a gate leading back out of this place here.
The orc warrior completely misses you.
There is a fountain of clear blue water here.
The orc warrior barely misses you.
You see here 2 curare-tipped darts.
x - 2 curare-tipped darts The orc warrior barely misses you.
The orc knight roars a battlecry!
The orcs go into a battle-frenzy!
The orc knight roars a battlecry!
The orc knight goes into a battle-frenzy!
The orc warrior hits you from afar with a +0 glaive.
* * * LOW HITPOINT WARNING * * *
As you open the door, it creaks loudly!
The orc warrior no longer looks unusually strong.
You block the orc warrior's attack. The orc knight closely misses you.
Found a brass ring, a glowing helmet and a shiny crystal plate armour.
The orc knight roars a battlecry!
There is an open door here.
You see here a +6 ring of strength.
h - a +6 ring of strength The orc warrior closely misses you.
The orc warrior hits you from afar with a +0 glaive!!
* * * LOW HITPOINT WARNING * * *
You see here a +2 helmet of see invisible.
k - a +2 helmet of see invisible The orc warrior closely misses you.
The orc warrior completely misses you. The orc warrior closely misses you.
You see here a +1 crystal plate armour.
y - a +1 crystal plate armour The orc warrior hits you from afar with a +0 glaive!
You die...

#### ########### #∩∩##
##.........## ##..#
##..~~~~~~~..## #..##
##..~~.....~~..##
##).######..~~..###o.~~.)########
#.).)).....~~..##.##..~~.........
#.~~))~~~o~~..##@..##..~~~~~~~~~~
#.~..........##.....##........).~
#.~)#############o#############)~
#.~.##.$$$.##..§..o...##....o##.~
#.~..##.$.##..§≈≈.≈≈§..'#...##..~
#.~o..##.##..§≈.....≈≈..##.##..)~
#∩.~~..#+#..≈≈...⌠...≈§..#+#..~~.
##.~~..#+#......⌠∩⌠....§.# #..~~.
#.~~..## ##..≈≈....§§§..## ##..~~


You could see an orc knight (strong) and an orc warrior (strong).

Vanquished Creatures
  Maggie (D:6)
  A hornet (D:8)
  An acid dragon (D:8)
  A black bear (D:5)
  An ice beast (D:7)
  2 ogres (D:4)
  A centaur (D:5)
  2 phantoms
  2 kobold brigands
  A necrophage (D:7)
  3 bullfrogs
  5 scorpions
  2 water moccasin zombies (D:4)
  A water moccasin skeleton (D:4)
  A howler monkey (D:5)
  A gnoll bouda (D:7)
  6 hounds
  7 orc priests
  2 iguanas
  3 orc wizards
  2 scorpion zombies (D:4)
  A howler monkey zombie (D:4)
  5 adders
  4 gnolls
  2 white imps (D:7)
  An adder zombie (D:4)
  An adder skeleton (D:4)
  A worm (D:4)
  2 dart slugs (D:1)
  32 orcs
  8 ball pythons
  6 endoplasms
  2 giant cockroaches
  9 goblins
  6 hobgoblins
  3 quokkas
  6 bats (D:1)
  5 frilled lizards
  22 kobolds
  14 rats
176 creatures vanquished.

Vanquished Creatures (others)
  3 plants (D:2)
  A withered plant (D:4)
4 creatures vanquished.

Grand Total: 180 creatures vanquished

Notes
Turn   | Place    | Note
-------+----------+-------------------------------------------
     0 | D:1      | ASSMAN the Meteoran Reaver began the quest for the Orb.
     0 | D:1      | Reached XP level 1. HP: 17/17 MP: 5/5
    94 | D:1      | Reached XP level 2. HP: 25/25 MP: 6/6
   191 | D:1      | Reached XP level 3. HP: 31/31 MP: 8/8
   390 | D:1      | Reached XP level 4. HP: 21/40 MP: 9/9
   488 | D:1      | Glimpsed the power of Zot.
   583 | D:2      | Found a sacrificial altar of Ru.
   608 | D:2      | Identified the +0 spear of Currency {heavy, rF+ rC- rN+
                  | Int+6}
   723 | D:2      | Reached skill level 5 in Fighting
   764 | D:2      | Reached XP level 5. HP: 40/48 MP: 10/10
  1436 | D:3      | Identified the +2 leather armour of the Miller {rElec Str+2
                  | Int+3}
  1508 | D:3      | Reached XP level 6. HP: 42/57 MP: 11/11
  1700 | D:3      | Noticed Grinder
  1792 | D:4      | Reached XP level 7. HP: 38/66 MP: 12/12
  1891 | D:3      | Paralysed by Grinder for 2 turns
  1947 | D:4      | Reached skill level 4 in Axes
  2040 | D:4      | Reached skill level 5 in Axes
  2082 | D:4      | Reached XP level 8. HP: 64/74 MP: 13/13
  2221 | D:4      | Reached skill level 6 in Axes
  2226 | D:4      | Glimpsed the power of Zot.
  2274 | D:4      | Glimpsed the power of Zot.
  2275 | D:5      | Entered Level 5 of the Dungeon
  2317 | D:5      | Reached skill level 7 in Axes
  2341 | D:5      | Found an ornate altar of the Wu Jian Council.
  2379 | D:5      | Reached skill level 8 in Axes
  2491 | D:5      | Found a staircase to the Ecumenical Temple.
  2526 | Temple   | Entered the Ecumenical Temple
  2536 | Temple   | Became a worshipper of Uskayaw the Reveller
  2605 | D:5      | Reached * piety under Uskayaw
  2608 | D:5      | Reached skill level 9 in Axes
  2608 | D:5      | Gained mutation: You passively map the area around you.
                  | [Meteoran growth]
  2608 | D:5      | Reached XP level 9. HP: 80/81 MP: 14/14
  2642 | D:5      | Reached ** piety under Uskayaw
  2786 | D:6      | Found Ticolug's Antique Weapon Emporium.
  2821 | D:6      | Reached skill level 10 in Axes
  2834 | D:6      | Noticed Maggie
  2850 | D:6      | Reached *** piety under Uskayaw
  2866 | D:6      | HP: 3/78 [Maggie/bolt of fire (18)]
  2872 | D:6      | Killed Maggie
  2873 | D:6      | Reached skill level 11 in Axes
  2875 | D:6      | Reached **** piety under Uskayaw
  2880 | D:6      | Reached ***** piety under Uskayaw
  2887 | D:6      | Found Noyryr's General Store.
  3255 | D:7      | Found a glowing golden altar of the Shining One.
  3303 | D:7      | Reached skill level 12 in Axes
  3684 | D:7      | Found Xipsipp's Armour Emporium.
  3756 | D:7      | Reached XP level 10. HP: 75/88 MP: 15/15
  3923 | D:8      | Reached skill level 13 in Axes
  4160 | D:8      | Found Zin's Purification Station.
  4163 | D:8      | Found a glowing silver altar of Zin.
  4289 | D:8      | Found a flagged portal.
  4298 | Bailey   | Entered a bailey
  4381 | Bailey   | Noticed an orc knight
  4381 | Bailey   | Noticed an orc knight
  4525 | Bailey   | Noticed an orc knight
  4549 | Bailey   | HP: 1/88 [orc warrior/+0 glaive (28)]
  4553 | Bailey   | Mangled by an orc warrior

Illustrated notes

Levels and vault maps discovered:
D:1:      spicycebolla_arrival_xxxplode, layout_loops_ring
D:2:      layout_rooms, basic_altar, lexackson_kobold_supper
D:3:      layout_basic, uniq_grinder
D:4:      layout_loops_ring, serial_undead, serial_undead_d, serial_undead_d,
          serial_undead_f, serial_undead_a, serial_undead_e, serial_undead_e,
          minmay_misc_feat_five
D:5:      layout_basic, nicolae_wu_jian_wuxing_cycle,
          minmay_temple_entry_proselytizer, kb_lookout_dungeons_type
D:6:      layout_cave_pools, serial_shops, nicolae_shop_overgrown_old_shop,
          kennysheep_mini, shop_statue, shop, uniq_prince_ribbit1, uniq_maggie
D:7:      layout_loops_corners, nicolae_tso_carved_into_rock, serial_shops, shop
D:8:      layout_basic, zin_purify, enter_bailey_8, serial_shops,
          nicolae_square_shop
Temple:   nicolae_temple_two_arcs
Bailey:   bailey_polearm_1, bailey

Skill      XL: |  1  2  3  4  5  6  7  8  9 10 |
---------------+-------------------------------+-----
Fighting       | 3 4 5 6 7 8 |  8.0
Axes           | 5 9 12 13 | 13.6
Dodging        | |  2.4
Spellcasting   | |  2.6
Conjurations   | |  3.6

Action                   |  1- 3 |  4- 6 |  7- 9 | 10-12 || total
-------------------------+-------+-------+-------+-------++-------
Melee: Hand axe          |    89 |    97 |       |       ||   186
       Punch             |       |     1 |       |       ||     1
       Dagger            |       |   106 |     2 |       ||   108
       Spear             |       |    34 |    12 |       ||    46
       War axe           |       |       |   247 |   106 ||   353
Throw: Javelin           |       |       |     4 |       ||     4
       Dart              |       |       |     3 |     5 ||     8
 Cast: Kiss of Death     |       |       |     3 |       ||     3
Invok: Stomp             |       |       |       |     1 ||     1
Evoke: Wand              |       |       |     4 |     1 ||     5
  Use: Potion            |       |     2 |     3 |     3 ||     8
       Scroll            |       |       |     5 |     3 ||     8
 Stab: Paralysed         |       |       |     7 |     2 ||     9
Armor: Leather armour    |    25 |    88 |    84 |       ||   197
       Swamp dragon scal |       |       |       |    32 ||    32
Dodge: Dodged            |    39 |   114 |   112 |    71 ||   336
Block: Buckler           |       |    52 |    61 |    29 ||   142

Table legend: (Time is in decaauts)
 A = Elapsed time spent in this place.
 B = Non-inter-level travel time spent in this place.
 C = Inter-level travel time spent in this place.
 D = Time resting spent in this place.
 E = Time spent auto-exploring this place.
 F = Levels seen in this place.
 G = Mean time per level.
                   A        B        C        D        E       F      G
               +--------+--------+--------+--------+--------+-----+--------+
         Total |   4608 |   4384 |    224 |     10 |   2761 |  10 |  460.8 |
       Dungeon |   4355 |   4140 |    215 |     10 |   2741 |   8 |  544.4 |
        Temple |     18 |     10 |      8 |      0 |      0 |   1 |   18.0 |
        Bailey |    234 |    234 |      0 |      0 |     20 |   1 |  234.0 |
               +--------+--------+--------+--------+--------+-----+--------+

Top non-repeatable levels by time:
     D:7: 954 daAuts
     D:3: 668 daAuts
     D:4: 615 daAuts
     D:2: 549 daAuts
     D:1: 516 daAuts
     D:5: 483 daAuts
     D:8: 442 daAuts
  Bailey: 234 daAuts
     D:6: 125 daAuts
  Temple: 18 daAuts
